 Dungeon Crawl Stone Soup version 0.16.0-11-gd45b091 (console) character file.

207 Fusha the Stinger (level 5, -2/36 HPs)
             Began as a Demonspawn Venom Mage on Mar 17, 2015.
             Was an Initiate of Vehumet.
             Killed by divine providence
             ... invoked by an orc priest
              (17 damage)
             ... on level 3 of the Dungeon.
             The game lasted 00:11:57 (3076 turns).

Fusha the Stinger (Demonspawn Venom Mage)           Turns: 3076, Time: 00:11:57

Health: -2/36      AC:  2    Str:  8    XL:     5   Next: 54%
Magic:  5/11       EV: 13    Int: 17    God:    Vehumet [......]
Gold:   104        SH:  0    Dex: 14    Spells: 2 memorised, 6 levels left

rFire  . . .     SeeInvis .     (no weapon)
rCold  . . .     Clarity  .     a - +0 robe
rNeg   . . .     SustAb   .     (no shield)
rPois  .         Gourm    .     (helmet restricted)
rElec  .         Spirit   .     (no cloak)
rCorr  .         Warding  .     (no gloves)
rMut   .         Stasis   +     (no boots)
MR     .....                    g - amulet of stasis
Stlth  +++.......               (no ring)
                                (no ring)

@: not resistant to hostile enchantments, fairly stealthy
A: antennae 1, claws 1, nightstalker 1
a: Renounce Religion


You were on level 3 of the Dungeon.
You worshipped Vehumet.
Vehumet was noncommittal.
You were full.

You visited 1 branch of the dungeon, and saw 3 of its levels.

You collected 104 gold pieces.

Inventory:

Hand weapons
 p - a +0 blowgun
Missiles
 q - 11 poisoned needles
Armour
 a - a +0 robe (worn)
Jewellery
 g - an amulet of stasis (around neck)
Scrolls
 e - 2 scrolls of immolation
 f - 2 scrolls of remove curse
 h - 2 scrolls of fear
 i - a scroll of enchant armour {unknown}
 j - 2 scrolls of amnesia
 o - a scroll of enchant weapon {unknown}
Potions
 l - a potion of decay {unknown}
 m - a potion of lignification
 n - a potion of poison
 r - a potion of restore abilities
Books
 b - a Young Poisoner's Handbook

   Spells                             Type                      Level
   a - Sting                          Conjuration/Poison           1
   b - Cure Poison                    Poison                       2
   c - Mephitic Cloud                 Conjuration/Poison/Air       3
   d - Olgreb's Toxic Radiance        Poison                       4
   e - Venom Bolt                     Conjuration/Poison           5
Comestibles
 c - 3 bread rations
 d - a meat ration


   Skills:
 + Level 0.6 Fighting
 + Level 2.7 Dodging
 + Level 1.9 Stealth
 + Level 0.5 Unarmed Combat
 + Level 3.2 Spellcasting
 + Level 2.0 Conjurations
 + Level 0.1 Air Magic
 + Level 4.9 Poison Magic


You had 6 spell levels left.
You knew the following spells:

 Your Spells              Type           Power        Failure   Level  Hunger
a - Sting                 Conj/Pois      ##..         4%          1    None
b - Mephitic Cloud        Conj/Pois/Air  ##......     21%         3    ###....


Dungeon Overview and Level Annotations

Branches:
Dungeon (3/15)

Altars:
Elyvilon
Vehumet
Yredelemnul


Innate Abilities, Weirdness & Mutations

You have a pair of small antennae on your head.
You have sharp fingernails.
You are slightly more attuned to the shadows.


Message History

Press: ? - help, Shift-Dir - straight line, f/p - orc
Aim: an orc, wielding a whip and wearing a leather armour (heavily wounded)
The sting misses the orc.
The orc hits you but does no damage.
Casting: Sting
Confirm with . or Enter, or press ? or * to list all spells.
Aiming: Sting
Press: ? - help, Shift-Dir - straight line, f/p - orc
Aim: an orc, wielding a whip and wearing a leather armour (heavily wounded)
The sting hits the orc.
The orc is poisoned.
The orc is heavily wounded.
The orc misses you.
The orc priest calls upon Beogh to heal the orc.
The orc is healed somewhat.
The orc looks more healthy.
An orc wizard appears from thin air!
Reactivating autopickup.
The orc priest calls down the wrath of Beogh upon you.
Something smites you!
The orc priest mumbles some strange prayers to Beogh against you.
Something smites you!
You die...

##...#.................#........
#....#####............)..._...##
#....+..##>...................##
#....##.##.....................#
#....#.....#+######.......⌠....#
#....#..####.# #............#
##.#.........# ####...........##
#.#..##########.........._...#
#.#..#...o.o.o@..............#
#.##.#.########.............###
#....#.# #.............# #
######.#{# #.............# #
#......#.# #######.......# #
#......#.# #.......# # #......#o#
#.......# # #......#.#
#...).(.###
#......#.##############.........#


You could see an orc priest, an orc wizard and an orc.

Vanquished Creatures
  Sigmund (D:2)
  3 adders
  4 gnolls
  2 giant geckos (D:1)
  4 orcs (D:3)
  11 goblins
  7 hobgoblins
  11 kobolds
  A ball python (D:1)
  11 bats
  2 giant newts (D:3)
  3 jackals (D:1)
  7 rats
67 creatures vanquished.

Notes
Turn   | Place    | Note
--------------------------------------------------------------
     0 | D:1      | Fusha, the Demonspawn Venom Mage, began the quest for the Orb.
     0 | D:1      | Reached XP level 1. HP: 13/13 MP: 3/3
   181 | D:1      | Gained mutation: You have a pair of small antennae on your head. [demonic ancestry]
   181 | D:1      | Reached XP level 2. HP: 16/19 MP: 0/4
   637 | D:1      | Gained mutation: You have sharp fingernails. [demonic ancestry]
   637 | D:1      | Reached XP level 3. HP: 13/24 MP: 0/6
   990 | D:1      | Reached skill level 1 in Conjurations
  1241 | D:2      | Found a white marble altar of Elyvilon.
  1253 | D:2      | Noticed Sigmund
  1280 | D:2      | Learned a level 3 spell: Mephitic Cloud
  1298 | D:2      | Killed Sigmund
  1298 | D:2      | Reached XP level 4. HP: 24/31 MP: 0/9
  1492 | D:2      | Gained mutation: You are slightly more attuned to the shadows. [demonic ancestry]
  1492 | D:2      | Reached XP level 5. HP: 31/36 MP: 1/11
  2616 | D:3      | Found a radiant altar of Vehumet.
  2624 | D:3      | Found a basalt altar of Yredelemnul.
  2626 | D:3      | Became a worshipper of Vehumet
  3076 | D:3      | Killed from afar by an orc priest

Action                   |  1- 3 |  4- 6 || total
-------------------------+-------+-------++-------
Melee: Unarmed           |    48 |    37 ||    85
       Short sword       |       |     3 ||     3
 Cast: Sting             |    57 |    80 ||   137
       Mephitic Cloud    |     1 |       ||     1
  Use: Scroll            |       |     7 ||     7
 Stab: Sleeping          |       |     1 ||     1
  Eat: Meat ration       |     1 |     1 ||     2
       Royal jelly       |       |     1 ||     1
